[Event "FIDE Womens Grand Prix-I 2022-23"]
[Site "Nur-Sultan"]
[Date "2022.09.28"]
[Round "10.2"]
[White "Goryachkina, Aleksandra"]
[Black "Kosteniuk, Alexandra"]
[Result "1/2-1/2"]
[ECO "D19"]
[WhiteElo "2579"]
[BlackElo "2521"]
[Annotator "TA"]
[PlyCount "60"]
[EventDate "2022.09.15"]
[EventType "tourn"]
[EventCountry "KAZ"]
[SourceTitle "playchess.com"]
[Source "ChessBase"]
[SourceQuality "1"]
[TimeControl "40/5400+30:1800+30"]

1. d4 d5 2. c4 c6 3. Nf3 Nf6 4. Nc3 dxc4 5. a4 Bf5 6. e3 e6 7. Bxc4 Bb4 8. O-O Nbd7 9. Qe2 O-O 10. e4 Bg6 11. Bd3 h6 12. e5 {[%emt 0:07:42] 12.Rd1 is a critical line. D19: Slav Defence: 5 a4 Bf5 6 e3: Main line with 9 Qe2.} Nd5 13. Nxd5 cxd5 {[%emt 0:09:46] [#] The position is equal.} 14. Bf4 $146 ({Predecessor:} 14. Be3 Qe7 {½-½ (14) Ghaem Maghami,E (2581)-Hossain,E (2503) Doha 2006}) 14... Rc8 15. Rfc1 Bxd3 16. Qxd3 Qe7 17. h4 Nb6 18. b3 Ba3 19. Rxc8 Rxc8 20. h5 Bb2 21. Rb1 Qa3 22. Qe2 Bc1 23. Rxc1 Rxc1+ 24. Bxc1 Qxc1+ $11 {[%emt 0:00:04][%mdl 4096] Endgame KQN-KQN} 25. Qe1 Qc2 26. Qb4 {[%emt 0:01:56] Hoping for a5.} Qc1+ 27. Kh2 Qf4+ 28. Kg1 {[%emt 0:00:14] And now a5 would win.} Qc1+ 29. Kh2 {[%emt 0:00:11] Threatens to win with a5.} Qf4+ 30. Kg1 {[%emt 0:15:45] [#] Strongly threatening a5.} Qc1+ {[%emt 0:00:17] An interesting draw.  Weighted Error Value: White=0.06 (flawless) /Black=0.03 (flawless)} 1/2-1/2

[Event "FIDE Womens Grand Prix-I 2022-23"]
[Site "Nur-Sultan"]
[Date "2022.09.28"]
[Round "10.3"]
[White "Lagno, Kateryna"]
[Black "Abdumalik, Zhansaya"]
[Result "1/2-1/2"]
[ECO "C92"]
[WhiteElo "2547"]
[BlackElo "2503"]
[Annotator "TA"]
[PlyCount "26"]
[EventDate "2022.09.15"]
[EventType "tourn"]
[EventCountry "KAZ"]
[SourceTitle "playchess.com"]
[Source "ChessBase"]
[SourceQuality "1"]
[TimeControl "40/5400+30:1800+30"]

1. e4 e5 2. Nf3 Nc6 3. Bb5 a6 4. Ba4 Nf6 5. O-O Be7 6. Re1 b5 7. Bb3 O-O 8. c3 d6 9. h3 Re8 {[%emt 0:00:21] [#]} 10. Ng5 $146 ({Predecessor:} 10. d4 Bb7 11. Ng5 Rf8 12. Nf3 Re8 13. Ng5 Rf8 14. Nf3 Re8 {½-½ (14) Giri,A (2761)-Maghsoodloo,P (2699) Chess.com INT 2022}) 10... Rf8 11. Nf3 Re8 12. Ng5 Rf8 13. Nf3 Re8 {[%emt 0:00:04] 13...Nb8 is setting a new trend.} 1/2-1/2

[Event "FIDE Womens Grand Prix-I 2022-23"]
[Site "Nur-Sultan"]
[Date "2022.09.28"]
[Round "10.4"]
[White "Kashlinskaya, Alina"]
[Black "Zhu, Jiner"]
[Result "0-1"]
[ECO "E57"]
[WhiteElo "2491"]
[BlackElo "2464"]
[Annotator "TA"]
[PlyCount "48"]
[EventDate "2022.09.15"]
[EventType "tourn"]
[EventCountry "KAZ"]
[SourceTitle "playchess.com"]
[Source "ChessBase"]
[SourceQuality "1"]
[TimeControl "40/5400+30:1800+30"]

1. d4 Nf6 2. c4 e6 3. Nc3 d5 4. Bg5 dxc4 5. e3 c5 6. Bxc4 cxd4 7. exd4 Be7 8. Nf3 Nc6 9. O-O O-O 10. a3 b6 {[%emt 0:03:30] 10...h6 deserves study.} 11. Qd3 Bb7 12. Rad1 h6 {[%emt 0:10:03] E57: Nimzo-Indian: Rubinstein: Main Line: 7...Nc6 8 a3 dxc4 9 Bxc4 cxd4.} 13. Bc1 {[%emt 0:08:59] [#]} Qd6 $146 ({Predecessor:} 13... Re8 14. Rfe1 Bf8 15. b4 a5 16. b5 Ne7 17. Rxe6 Bxf3 18. Rxf6 Bxd1 19. Rxf7 Rc8 20. Bd2 {0-1 (33) Colovic,A (2443)-Salgado Lopez,I (2599) Tornelo INT 2021}) 14. Rfe1 Rad8 {[%emt 0:11:34] White is slightly better.} 15. Ba2 Rfe8 16. Bxh6 gxh6 $17 17. Rxe6 Qf4 {[%emt 0:07:51] [#] aiming for ...Nxd4.} (17... fxe6 $2 18. Qg6+ Kh8 19. Qxh6+ Kg8 20. Qg6+ Kf8 21. Ng5 Qxh2+ 22. Kxh2 $18) 18. g3 $2 {[%emt 0:17:52] This move loses the game for White.} (18. Rxc6 $17 Bxc6 19. Ne5) 18... Nb4 $19 19. gxf4 Nxd3 {[%emt 0:00:06] The board is on fire.} 20. Rxf6 $2 (20. Rxe7 Rxe7 21. Rxd3 Bxf3 22. Rxf3) 20... Bxf6 {[%emt 0:00:15] This bishop pair is nice. Black is clearly winning.} 21. Rxd3 {[%emt 0:00:03] [#]} Rxd4 $3 22. Re3 Rxe3 23. fxe3 Rd3 ({Inferior is} 23... Bxf3 24. exd4 Bxd4+ 25. Kf1 $17) 24. Kf2 Bxc3 {[%emt 0:00:46] Weighted Error Value: White=0.61/Black=0.05 (flawless)} 0-1

[Event "FIDE Womens Grand Prix-I 2022-23"]
[Site "Nur-Sultan"]
[Date "2022.09.28"]
[Round "10.5"]
[White "Assaubayeva, Bibisara"]
[Black "Paehtz, Elisabeth"]
[Result "0-1"]
[ECO "E11"]
[WhiteElo "2443"]
[BlackElo "2477"]
[Annotator "TA"]
[PlyCount "86"]
[EventDate "2022.09.15"]
[EventType "tourn"]
[EventCountry "KAZ"]
[SourceTitle "playchess.com"]
[Source "ChessBase"]
[SourceQuality "1"]
[TimeControl "40/5400+30:1800+30"]

1. d4 Nf6 2. c4 e6 3. Nf3 Bb4+ 4. Bd2 a5 5. a3 Bxd2+ 6. Qxd2 b6 {[%emt 0:00:03] E11: Bogo-Indian.} 7. Nc3 Bb7 8. e3 O-O {[%emt 0:01:30] White has an edge.} 9. Qc2 d5 (9... c5 $5 ) 10. cxd5 exd5 11. Be2 Qe7 12. O-O Nbd7 13. Rfd1 g6 14. Rac1 Rac8 {[%emt 0:03:59] [#]} 15. Qb3 $146 ({Predecessor:} 15. h3 Rfe8 16. Qb3 Kg7 17. Bd3 h6 18. Ne2 c6 19. Nf4 Kg8 20. Nd2 Rc7 21. Qc3 {½-½ (40) Chaika,L (2340)-Deneuville,C (2201) ICCF email 2017}) 15... Qe6 16. Ng5 Qe7 17. Nh3 c6 18. Nf4 Rb8 19. g3 Rfe8 20. Bf3 Qd6 21. Qc2 Rbc8 22. Qb1 Nf8 23. b4 axb4 24. axb4 Ne6 25. Nxe6 Qxe6 26. Qb2 b5 27. Ra1 Re7 28. Ra7 Rce8 29. Bg2 h5 30. Qb3 Bc8 31. Rxe7 Qxe7 32. h3 (32. Rc1 $11) 32... Bf5 ({Black should try} 32... h4 $15 33. Ne2 hxg3 34. Nxg3 Be6) 33. Ne2 ({White should play} 33. Ra1 $11) 33... Qd7 {[%emt 0:03:40] Black is more active.} 34. Kh2 (34. Nf4 $11 {keeps the balance.}) 34... Ne4 $17 35. f3 {[%emt 0:01:19] [#]} (35. Bxe4 $17 Bxe4 36. Qb2) 35... Nd6 $1 $19 {[%emt 0:01:00] Hoping for ...Nc4.} 36. Nf4 Nc4 37. Re1 h4 38. gxh4 (38. g4 Qd6 39. Kh1 (39. gxf5 $2 Rxe3 40. Rxe3 Qxf4+ 41. Kh1 Nxe3 $19)) 38... Qe7 {[%emt 0:00:39] Black is clearly winning.} 39. e4 Qxh4 40. Nd3 dxe4 41. fxe4 Rxe4 42. Rxe4 ({Stronger than} 42. Bxe4 Nd2 43. Qc2 Qxh3+ 44. Kg1 Qg3+ 45. Kh1 Bxe4+ 46. Rxe4 Nxe4 47. Qxc6 Qh3+ 48. Kg1 Qg4+ 49. Kh2 Qe2+ 50. Kg1 Qd1+ 51. Kg2 Qxd3) 42... Bxe4 43. Bxe4 Qxe4 {[%emt 0:00:00] Weighted Error Value: White=0.28 (precise) /Black=0.07 (flawless)} 0-1

[Event "FIDE Womens Grand Prix-I 2022-23"]
[Site "Nur-Sultan"]
[Date "2022.09.28"]
[Round "10.6"]
[White "Tan, Zhongyi"]
[Black "Wagner, Dinara"]
[Result "1-0"]
[ECO "A11"]
[WhiteElo "2525"]
[BlackElo "2358"]
[Annotator "TA"]
[PlyCount "89"]
[EventDate "2022.09.15"]
[EventType "tourn"]
[EventCountry "KAZ"]
[SourceTitle "playchess.com"]
[Source "ChessBase"]
[SourceQuality "1"]
[TimeControl "40/5400+30:1800+30"]

1. Nf3 d5 2. g3 c6 3. Bg2 Nf6 4. O-O Bg4 5. c4 e6 6. cxd5 Bxf3 7. Bxf3 cxd5 8. d4 Nc6 9. Nc3 Be7 {[%emt 0:05:10] A11: English Opening: 1...c6.} 10. b3 O-O 11. Bb2 Rc8 {[%emt 0:01:39] The position is equal.} 12. e3 Bb4 {[%emt 0:06:37] [#]} 13. Rc1 $146 ({Predecessor:} 13. Qd3 e5 14. Bg2 exd4 15. exd4 Bxc3 16. Bxc3 Re8 17. Rfe1 Qd7 18. a4 a6 19. b4 Rxe1+ 20. Bxe1 {½-½ (43) Gabuzyan,H (2560)-Andriasian,Z (2609) Yerevan 2015}) 13... Bxc3 14. Rxc3 Qd7 15. Ba3 Ne7 16. Qd3 Rxc3 17. Qxc3 Rc8 {[%emt 0:00:06] Prevents Qc5.} 18. Qd3 Nf5 19. Rc1 Rxc1+ 20. Bxc1 Qc6 21. Bb2 h6 22. a4 a6 23. Be2 Ne7 24. f3 h5 25. Qc3 Qxc3 26. Bxc3 $14 {[%emt 0:00:05][%mdl 4096] Endgame KBB-KNN} Nc6 27. b4 Nd7 28. b5 axb5 29. Bxb5 Ndb8 30. Kf2 g5 31. h4 gxh4 32. gxh4 Kg7 33. e4 Ne7 34. Bb4 Nec6 {[%emt 0:09:03] This move loses the game for Black.} (34... Nbc6 $14 35. Bc5 Kf6) 35. Bd6 $18 Na6 36. Ke3 Nab4 $2 (36... Kg6 37. Bxc6 bxc6) 37. Kd2 {[%emt 0:03:14] [#] Black must now prevent Bxb4.} Na6 38. Kc3 Kg6 39. Bd3 {[%emt 0:01:25] White threatens exd5+ and mate.} Kf6 40. f4 {[%emt 0:01:03][%cal Bf3f4,Bf4f5,Bf5f6][%mdl 32] e5+ is the strong threat.} Nab8 $2 (40... dxe4 {was worth a try.} 41. Bxe4 Na5) 41. e5+ Kg7 42. f5 {[%emt 0:00:05] [#] And now f6+ would win.} Nd7 43. f6+ Kh6 44. Ba3 Na5 45. Bc1# {[%emt 0:00:00] Weighted Error Value: White=0.05 (flawless) /Black=0.47} 1-0

[Event "FIDE Womens Grand Prix-I 2022-23"]
[Site "Nur-Sultan"]
[Date "2022.08.29"]
[Round "11.1"]
[White "Wagner, Dinara"]
[Black "Shuvalova, Polina"]
[Result "1-0"]
[ECO "E49"]
[WhiteElo "2358"]
[BlackElo "2510"]
[Annotator "TA"]
[PlyCount "69"]
[EventDate "2022.09.15"]
[EventType "tourn"]
[EventCountry "KAZ"]
[SourceTitle "playchess.com"]
[Source "ChessBase"]
[SourceQuality "1"]
[TimeControl "40/5400+30:1800+30"]

1. d4 Nf6 2. c4 e6 3. Nc3 Bb4 4. e3 O-O 5. Bd3 d5 6. a3 Bxc3+ 7. bxc3 dxc4 8. Bxc4 c5 9. Bd3 {[%emt 0:00:07] E49: Nimzo-Indian: Rubinstein: 5 Bd3 d5 6 a3 Bxc3+ 7 bxc3.} Qc7 10. Bb2 b6 11. Ne2 {[%emt 0:15:00][%cal Bg1e2,Be2g3,Bg3f5][%mdl 32] The position is equal.} Ba6 12. O-O Bxd3 13. Qxd3 {[%emt 0:00:13] [#]} c4 $146 ({Predecessor:} 13... Nc6 14. e4 Rfd8 15. f3 Ne5 16. Qb5 Qc6 17. Qxc6 Nxc6 18. Rad1 Na5 19. Kf2 Nc4 {0-1 (48) Song,M (2421)-Pichot,A (2630) Chess.com INT 2020}) 14. Qc2 e5 15. e4 Re8 16. Ng3 Nc6 17. Rad1 Rad8 18. d5 Na5 19. Bc1 {[%emt 0:00:05] Black must now prevent Bg5.} Nd7 $1 20. Nf5 Nb3 21. Be3 Nbc5 22. Qe2 Nd3 $1 ({Less strong is} 22... Nf6 23. d6 (23. Qxc4 Nfxe4 24. Bxc5 Nxc5 $14) 23... Qb7 24. Bxc5 (24. Qxc4 Qxe4 25. Ne7+ Kf8 $11) 24... bxc5 25. Qe3 $16 (25. Qxc4 g6 $16)) 23. Qg4 {[%emt 0:00:56][%csl Gf5][%cal Rg4g7] [#]} g6 24. f4 $40 {[%emt 0:07:04][%mdl 128] Black needs to defend precisely.} Kf8 $2 (24... exf4 $11 25. Bxf4 Nxf4 26. Nh6+ Kg7 27. Rxf4 Qc5+ 28. Kh1 f6 29. Nf5+ (29. Qh4 Qf8 $11) 29... Kg8) 25. fxe5 $18 Qxe5 26. Qg5 {[%emt 0:08:20] Bd4 is the strong threat.} gxf5 27. Bd4 f4 28. Bxe5 N7xe5 29. Rxf4 Nxf4 30. Qxf4 Rd6 {[%emt 0:04:27] Against Qf6} 31. Rf1 Kg7 32. Qf5 b5 33. Rf4 {[%emt 0:00:42] White is clearly winning.} a5 34. Rh4 Ng6 {[%emt 0:02:27] [#]} (34... Rg6 $142 35. Rf4 Ra6) 35. Rxh7+ $3 {[%emt 0:00:47][%mdl 512] Weighted Error Value: White=0.29 (precise) /Black=0.21 (precise)} 1-0

[Event "FIDE Womens Grand Prix-I 2022-23"]
[Site "Nur-Sultan"]
[Date "2022.08.29"]
[Round "11.2"]
[White "Paehtz, Elisabeth"]
[Black "Tan, Zhongyi"]
[Result "1/2-1/2"]
[ECO "B22"]
[WhiteElo "2477"]
[BlackElo "2525"]
[Annotator "TA"]
[PlyCount "49"]
[EventDate "2022.09.15"]
[EventType "tourn"]
[EventCountry "KAZ"]
[SourceTitle "playchess.com"]
[Source "ChessBase"]
[SourceQuality "1"]
[TimeControl "40/5400+30:1800+30"]

1. e4 c5 2. c3 Nf6 3. e5 Nd5 4. Nf3 d6 5. d4 cxd4 6. cxd4 dxe5 7. dxe5 Nc6 8. Bc4 Nb6 {[%emt 0:03:52] B22: Sicilian: 2 c3.} 9. Qxd8+ Nxd8 10. Bb3 Bg4 11. Nd4 Nc6 12. Nxc6 bxc6 {[%emt 0:00:17] [#]} 13. Na3 $146 ({Predecessor:} 13. O-O e6 14. Be3 Nd5 15. Ba4 Nxe3 16. Bxc6+ Ke7 17. Bxa8 Nxf1 18. Kxf1 g5 19. Nd2 Bg7 20. Bf3 Bxf3 21. Nxf3 g4 22. Nd4 Bxe5 23. Nc6+ Kf6 24. Nxe5 {½-½ (24) Macieja,B (2430)-Tukmakov,V (2595) Copenhagen 1996}) 13... e6 14. Nc4 O-O-O {[%emt 0:02:14] White must now prevent ...Nxc4.} 15. f3 Bf5 16. Be3 Nxc4 17. Bxc4 Bd3 18. Bb3 Kb7 19. Kf2 Bb4 20. Rhd1 Ba5 21. Rac1 Bb6 22. Rd2 {[%emt 0:01:58] [#] Strongly threatening Bxb6.} Ba5 23. Rdd1 Bb6 24. Rd2 {[%emt 0:02:40] And now Bxb6 would win.} Ba5 25. Rdd1 {[%emt 0:00:05] Weighted Error Value: White=0.10 (very precise) /Black=0.07 (flawless)} 1/2-1/2

[Event "FIDE Womens Grand Prix-I 2022-23"]
[Site "Nur-Sultan"]
[Date "2022.08.29"]
[Round "11.3"]
[White "Zhu, Jiner"]
[Black "Assaubayeva, Bibisara"]
[Result "1/2-1/2"]
[ECO "B50"]
[WhiteElo "2464"]
[BlackElo "2443"]
[Annotator "TA"]
[PlyCount "60"]
[EventDate "2022.09.15"]
[EventType "tourn"]
[EventCountry "KAZ"]
[SourceTitle "playchess.com"]
[Source "ChessBase"]
[SourceQuality "1"]
[TimeControl "40/5400+30:1800+30"]

1. e4 c5 2. Nf3 d6 3. c3 Nf6 4. h3 Bd7 5. Bd3 g6 6. O-O {[%emt 0:00:41] B50: Sicilian: 2...d6, Miscellaneous.} Bg7 7. Bc2 O-O 8. d4 Nc6 9. dxc5 dxc5 10. e5 Ne8 {[%emt 0:00:25][%cal Bf6e8,Be8c7,Bc7e6,Be6d4][%mdl 32] [#]} 11. Bf4 $146 ({Predecessor:} 11. Nbd2 Nxe5 12. Nxe5 Bxe5 13. Nc4 Bg7 14. Be3 b6 15. a4 Be6 16. Qe2 Nd6 17. Nd2 {1-0 (58) Vokhidov,S (2512)-Gabuzyan,H (2557) Chess.com INT 2020}) 11... Be6 12. Nbd2 Qb6 13. Qc1 Nc7 14. Ne4 Bd5 15. b3 Rfd8 16. c4 Bxe4 17. Bxe4 Ne6 18. Bg3 Ned4 {[%emt 0:05:04] [#] aiming for ...Ne2+. Pair of Knights!} 19. Qe3 {[%emt 0:01:10] Inhibits Ne2+.} Rd7 20. Rad1 Rad8 21. Bxc6 (21. Bf4 {looks sharper.} Nxf3+ 22. Bxf3 Nd4 23. Bg4) 21... Qxc6 (21... bxc6 {feels hotter.} 22. Bf4 a5 23. Rb1 Ne6) 22. Nxd4 Rxd4 23. Rxd4 Rxd4 24. Re1 e6 25. Re2 h5 26. Rd2 {[%emt 0:04:58] The position is equal.} Qd7 27. Rxd4 cxd4 28. Qd3 Qd8 29. f4 Bf8 30. Bf2 Bc5 {[%emt 0:00:06] An even fight not without its subleties.  Weighted Error Value: White=0.04 (flawless) /Black=0.03 (flawless)} 1/2-1/2

[Event "FIDE Womens Grand Prix-I 2022-23"]
[Site "Nur-Sultan"]
[Date "2022.08.29"]
[Round "11.4"]
[White "Abdumalik, Zhansaya"]
[Black "Kashlinskaya, Alina"]
[Result "1-0"]
[ECO "C11"]
[WhiteElo "2503"]
[BlackElo "2491"]
[Annotator "TA"]
[PlyCount "95"]
[EventDate "2022.09.15"]
[EventType "tourn"]
[EventCountry "KAZ"]
[SourceTitle "playchess.com"]
[Source "ChessBase"]
[SourceQuality "1"]
[TimeControl "40/5400+30:1800+30"]

1. e4 e6 2. d4 d5 3. Nc3 Nf6 4. e5 Nfd7 5. f4 c5 6. Nf3 Nc6 7. Be3 cxd4 8. Nxd4 Qb6 9. Qd2 Qxb2 10. Rb1 Qa3 11. Bb5 {[%emt 0:01:01] aiming for Rb3.} Nxd4 {[%emt 0:00:11] C11: French: Classical System: 4 e5 and 4 Bg5 dxe4.} 12. Bxd4 {[%emt 0:00:05][%cal Of4f5] Black should prevent f5!} ({Much weaker is} 12. Qxd4 a6 13. Bxd7+ Bxd7 14. Rxb7 Rc8 $17) 12... a6 (12... Bb4 {is more complex.} 13. Rb3 Qa5 14. a3 Be7) 13. Bxd7+ Bxd7 {[%emt 0:00:04] The position is equal.} 14. Rb3 Qe7 15. Rxb7 Rc8 {[%emt 0:00:11] [#] 15...Qh4+ gains popularity.} 16. g3 $5 $146 {[%emt 0:24:34][%mdl 8] New and interesting.} ({Predecessor:} 16. O-O Qd8 17. Qe3 Rc4 18. Rfb1 Be7 19. f5 Bg5 20. Qd3 O-O 21. R1b6 Bc6 22. Ra7 exf5 23. Rbxa6 {1-0 (47) So,W (2770)-Radjabov,T (2765) Paris 2021}) 16... Rc4 17. Ke2 Qd8 $1 {[%emt 0:05:55] Strongly threatening ...Bb4.} 18. Rhb1 {[%emt 0:01:26] Against Bb4} Be7 19. Rb8 Bc8 $1 20. Nd1 $36 {[%emt 0:01:01][%mdl 2048] White has some pressure.} O-O 21. Ne3 Ra4 ({Better is} 21... Rc6 $1 $11) 22. c3 ({White should try} 22. Ra8 $1 $14) 22... Qc7 $11 23. Kf3 Bd7 24. R8b7 Qd8 25. R1b6 Bb5 (25... Qc8 $11) 26. h4 h5 $2 (26... Bc4 $16) 27. Ra7 (27. f5 $1 $18 {and the rest is easy.}) 27... Re8 $2 (27... Bc4 $16 {was worth a try.}) 28. Rbb7 $18 {[%emt 0:04:11] f5 is the strong threat.} Bf8 29. Bb6 $2 ({Only move:} 29. Rxf7 $18 Rxd4 30. Qxd4 (30. cxd4 Be7 $18)) 29... Qc8 $14 {[%emt 0:00:05][%cal Od5d4] Hoping for ...d4!} 30. Rc7 {[%emt 0:00:52] Chess con chili. Active counter play!} Qb8 (30... Qd8 $1 $14) 31. Bd4 (31. Rab7 $1 $18 Qa8 32. Bd4 (32. Rxf7 $2 d4 $19)) 31... Qd8 (31... Bc4 $16) 32. Qc2 $2 (32. Rxf7 $18 Qa5 33. Rfb7) 32... Re7 33. Rxe7 Bxe7 34. f5 Bc6 $2 {[%emt 0:03:37][%mdl 8192] [#]} (34... Qe8 $11) 35. fxe6 $1 $18 fxe6 {[%emt 0:00:03] [#]} 36. Qg6 $1 Qf8+ {[%emt 0:00:51] [#]} 37. Nf5 $1 Qxf5+ 38. Qxf5 exf5 39. Rxe7 {[%emt 0:00:05][%mdl 4096] Endgame KRB-KRB} Kf8 40. Rc7 Bb5 41. e6 Rxa2 42. Bxg7+ Kg8 43. Kf4 {[%emt 0:00:00] White wants to mate with Bf6.} Re2 44. Be5 Kf8 45. Kxf5 {[%emt 0:00:00] White mates.} Rf2+ 46. Bf4 Ke8 47. Kf6 Kd8 48. e7+ {[%emt 0:00:00] Weighted Error Value: White=0.36/Black=0.53} 1-0

[Event "FIDE Womens Grand Prix-I 2022-23"]
[Site "Nur-Sultan"]
[Date "2022.08.29"]
[Round "11.5"]
[White "Kosteniuk, Alexandra"]
[Black "Lagno, Kateryna"]
[Result "1/2-1/2"]
[ECO "C47"]
[WhiteElo "2521"]
[BlackElo "2547"]
[Annotator "TA"]
[PlyCount "41"]
[EventDate "2022.09.15"]
[EventType "tourn"]
[EventCountry "KAZ"]
[SourceTitle "playchess.com"]
[Source "ChessBase"]
[SourceQuality "1"]
[TimeControl "40/5400+30:1800+30"]

1. e4 e5 2. Nf3 Nc6 3. Nc3 Nf6 4. d4 exd4 5. Nxd4 Bb4 6. Nxc6 bxc6 7. Bd3 d5 8. exd5 cxd5 9. O-O O-O 10. Bg5 Be6 11. Qf3 Be7 12. Rfe1 {[%emt 0:04:34] The position is equal.} h6 {[%emt 0:04:22] C47: Scotch Four Knights and Four Knights with 4 g3.} 13. Bxh6 gxh6 14. Rxe6 fxe6 15. Qg3+ $1 Kh8 16. Qg6 {[%emt 0:00:10] [#]} Qe8 $146 {[%emt 0:01:32] [#] ...Qxg6 is the strong threat.} ({Predecessor:} 16... Re8 17. Qxh6+ Kg8 18. Qg5+ Kh8 19. Qh6+ Kg8 {½-½ (19) Macek,K (1910)-Cichy,M (2110) Sec u Chrudimi 2007}) 17. Qxh6+ Kg8 {[%emt 0:00:03] White must now prevent ...Qh5.} 18. Qg5+ Kh8 {[%emt 0:00:09] aiming for ...Qh5.} 19. Qh6+ Kg8 {[%emt 0:00:03] Threatens to win with ...Qh5.} 20. Qg5+ Kh8 {[%emt 0:00:08] [#] And now ...Qh5 would win.} 21. Qh6+ {[%emt 0:00:04] An interesting draw.  Weighted Error Value: White=0.01 (flawless) /Black=0.00 (flawless)} 1/2-1/2

[Event "FIDE Womens Grand Prix-I 2022-23"]
[Site "Nur-Sultan"]
[Date "2022.08.29"]
[Round "11.6"]
[White "Vaishali, Rameshbabu"]
[Black "Goryachkina, Aleksandra"]
[Result "1/2-1/2"]
[ECO "C67"]
[WhiteElo "2449"]
[BlackElo "2579"]
[Annotator "TA"]
[PlyCount "132"]
[EventDate "2022.09.15"]
[EventType "tourn"]
[EventCountry "KAZ"]
[SourceTitle "playchess.com"]
[Source "ChessBase"]
[SourceQuality "1"]
[TimeControl "40/5400+30:1800+30"]

1. e4 e5 2. Nf3 Nc6 3. Bb5 Nf6 4. O-O Nxe4 5. Re1 Nd6 6. a4 {[%emt 0:00:26] C67: Ruy Lopez: Berlin Defence: 4 0-0 Nxe4.} Be7 7. Nc3 {[%emt 0:00:30] Against e4} a6 8. Bf1 e4 9. Nxe4 Nxe4 10. Rxe4 d5 11. Re1 Bg4 12. h3 Bh5 13. Be2 O-O 14. d4 Bd6 15. Ne5 Bxe2 16. Rxe2 {[%emt 0:00:22] [#]} Ne7 $146 ({Predecessor:} 16... Nxe5 17. dxe5 Be7 18. Rd2 c6 19. c4 Qa5 20. cxd5 cxd5 21. Rd3 Rfd8 22. Be3 Rac8 {½-½ (49) Harikrishna,P (2717)-So,W (2772) Berlin 2022}) 17. Bf4 Nf5 18. Qd3 Qc8 19. g4 Ne7 20. Rae1 f6 {[%emt 0:14:40] [#]} (20... f5 $14) 21. Nf3 {[%emt 0:24:13] White is much more active.} ({White must play} 21. Nd7 $1 $16 Qxd7 22. Bxd6 Qxd6 23. Rxe7) 21... Ng6 22. Bxd6 cxd6 23. Qb3 Nf4 (23... Qc6 $14) 24. Re4 $1 $16 Nxh3+ 25. Kg2 Ng5 26. Nxg5 ({Don't do} 26. Qxd5+ Nf7 $16) 26... fxg5 27. Qxd5+ Kh8 28. c3 Qc6 29. Qxg5 h6 30. Qe3 Rf6 31. f4 Raf8 32. Kg3 Qxa4 33. f5 Qb3 34. Re2 Qd1 35. Re1 (35. Re7 $142) 35... Qb3 36. Re6 $1 {[%emt 0:02:04] And now Rxf6 would win.} Kh7 (36... Kg8 $16) 37. Re2 $2 (37. Rxf6 $1 $18 Rxf6 38. Qe8 Qxb2 39. g5 hxg5 40. Rh1+ Rh6 41. Rxh6+ gxh6 42. Qg6+ Kh8 43. Qxh6+ Kg8 44. Qg6+ (44. Qxd6 Qxc3+ 45. Kg4 Qc6 $11) (44. Qxg5+ Kh8 $16) 44... Kf8 45. Qxd6+ Ke8 46. Qe5+ Kf7 47. Qe6+ Kf8 48. Qd6+ Ke8 49. Qe5+ Kf7 50. Qe6+ Kg7 51. Qe7+ Kg8 52. Qxg5+ Kf7 53. Qg6+ Ke7 54. Qe6+ Kf8 55. Qf6+ Kg8 56. Qd8+ Kh7 57. Qe7+ Kg8 58. Qe8+ Kh7 59. Qg6+ Kh8 60. Qf6+ Kh7 61. d5) 37... b5 (37... Qb5 $16 {was called for.}) 38. Rf2 $2 (38. Rxf6 $1 $18 Rxf6 39. Qe8) 38... b4 {[%emt 0:01:35] [#]} 39. cxb4 $1 Qxe3+ 40. Rxe3 {[%emt 0:00:02][%mdl 4096] Endgame KRR-KRR} Rb8 41. Rc2 Kg8 {[%emt 0:08:57] [#]} (41... h5 $16 {keeps fighting.}) 42. b5 $1 $18 axb5 43. Re6 Rf7 44. Rxd6 h5 45. Rc5 hxg4 46. Kxg4 b4 47. Rdc6 {[%emt 0:00:33] Strongly threatening Rc8+.} Kh7 (47... Re7 $16) 48. Rc7 Rff8 (48... Rxc7 49. Rxc7 Rd8) 49. Rd5 Rb6 (49... Rbc8 $142) 50. Rdd7 Rg8 51. Rb7 Rxb7 (51... Rc6 $142 52. Rxb4 Rc1) 52. Rxb7 {[%emt 0:00:02] f6 is the strong threat. KR-KR} Rf8 53. Rxb4 g6 54. fxg6+ Kxg6 55. Rb6+ Kg7 56. d5 $2 (56. Kg5 Rf1 57. Rb5) 56... Rf1 57. b4 $2 (57. Rb4 $18) 57... Kf7 $1 $11 {[%emt 0:00:48] The position is equal.} 58. Rb7+ Kf6 59. d6 Ke6 60. d7 Rd1 61. Kf4 Rxd7 62. Rb6+ Kd5 63. b5 Kc5 64. Rb8 Rd6 65. Ke5 {[%emt 0:00:04] Threatening mate with Rc8+.} Rb6 66. Rxb6 Kxb6 {[%emt 0:00:03] White really could win this.  Weighted Error Value: White=0.38/Black=0.29 (precise)} 1/2-1/2